Map: [ESL] Gresvan

Players

Creator

  • Race: Protoss Protoss
  • Spawn Location: 11:00

Dark - Winner!

  • Race: Zerg Zerg
  • Spawn Location: 5:00

Event: IEM Katowice 2023

VOD

Have the link to the VOD?

Description

Time

  • Played on: Feb. 11, 2023, 2:03 p.m.
  • Length: 9:49

All games in this series

Show
View Real Time Build Order
Export as new Build Order

Creator Protoss 

Build Orders: 1 Gate Expand, Oracle Opening, Phoenix Opening 

Get SALT Encoding   

  12  0:00  Probe  
  13  0:14  Pylon  
  13  0:17  Probe (Chrono Boost)  
  14  0:27  Probe (Chrono Boost)  
  15  0:32  Probe (Chrono Boost)  
  16  0:40  Gateway  
  16  0:44  Probe  
  16  0:47  Assimilator  
  17  0:56  Probe  
  18  1:08  Probe  
  19  1:20  Probe  
  20  1:27  Nexus  
  20  1:37  Cybernetics Core  
  20  1:38  Probe  
  21  1:44  Assimilator  
  21  1:50  Probe  
  21  1:54  Pylon  
  22  2:02  Probe  
  23  2:11  Adept (Chrono Boost)  
  23  2:14  Probe  
  26  2:19  Stargate  
  26  2:26  Probe  
  26  2:27  Warp Gate  
  27  2:33  Adept (Chrono Boost)  
  27  2:37  Pylon  
  29  2:41  Probe  
  30  2:47  Probe  
  31  2:54  Pylon  
  31  2:56  Adept (Chrono Boost)  
  33  3:01  Probe  
  34  3:06  Oracle (Chrono Boost)  
  36  3:21  Gateway  
  36  3:24  Probe  
  36  3:26  Probe  
  38  3:36  Probe  
  38  3:38  Probe  
  38  3:40  Phoenix  
  42  3:47  Pylon  
  43  3:48  Probe (Chrono Boost)  
  43  3:51  Probe (Chrono Boost)  
  44  4:00  Probe (Chrono Boost)  
  44  4:01  Pylon  
  46  4:03  Probe (Chrono Boost)  
  46  4:07  Probe (Chrono Boost)  
  46  4:08  Probe (Chrono Boost)  
  48  4:11  Oracle (Chrono Boost)  
  48  4:15  Adept  
  48  4:16  Pylon  
  53  4:19  Probe  
  53  4:22  Probe  
  55  4:31  Probe  
  55  4:34  Probe  
  55  4:36  Adept x2  
  55  4:38  Gateway  
  61  4:52  Nexus, Probe  
  62  4:55  Twilight Council  
  62  4:57  Probe  
  63  5:04  Probe  
  63  5:05  Assimilator  
  63  5:06  Pylon  
  64  5:10  Probe  
  65  5:16  Probe  
  65  5:20  Gateway x2  
  66  5:26  Probe  
  66  5:27  Resonating Glaives (Chrono Boost)  
  67  5:29  Probe  
  68  5:36  Adept  
  68  5:37  Adept x2  
  68  5:39  Probe  
  68  5:41  Probe  
  76  5:43  Shield Battery  
  76  5:49  Robotics Facility  
  76  5:53  Probe x2  
  78  6:05  Pylon, Adept x3  
  78  6:06  Pylon  
  78  6:07  Probe x2  
  86  6:15  Probe  
  87  6:19  Probe, Adept x2  
  87  6:20  Probe  
  92  6:27  Adept x3  
  98  6:34  Immortal (Chrono Boost)  
  98  6:39  Pylon  
  102  6:40  Sentry x2  
  102  6:45  Pylon  
  106  6:48  Gateway  
  106  6:49  Gateway  
  106  6:50  Gateway  
  106  7:06  Warp Prism (Chrono Boost)  
  94  7:14  Sentry, Adept x4  
  96  7:22  Probe x3  
  87  7:25  Assimilator, Phoenix  
  87  7:27  Pylon  
  84  7:34  Adept x2  
  84  7:35  Sentry, Adept  
  92  7:37  Immortal (Chrono Boost)  
  92  7:39  Adept  
  92  7:41  Assimilator  
  98  7:45  Adept x2  
  98  7:46  Zealot  
  98  7:47  Probe  
  105  7:56  Adept x3  
  111  7:59  Probe  
  111  8:03  Adept x2  
  117  8:08  Pylon  
  117  8:09  Immortal (Chrono Boost)  
  117  8:10  Pylon  
  120  8:24  Nexus  
  120  8:26  Pylon, Adept x3  
  120  8:27  Adept x4  
  134  8:36  Immortal (Chrono Boost)  
  134  8:39  Stalker  
  140  8:47  Adept x4  
  148  8:55  Stalker x2  
  152  8:56  Stalker  
  154  9:06  Pylon, Adept  
  154  9:09  Pylon  
  155  9:25  Adept x2  
  155  9:27  Pylon, Adept x4  
Show
View Real Time Build Order
Export as new Build Order

Dark Zerg - Winner!

Build Orders: Hatch First 

Get SALT Encoding   

  12  0:00  Drone  
  13  0:12  Overlord  
  13  0:16  Drone  
  14  0:30  Drone x2  
  14  0:34  Drone  
  17  0:51  Hatchery  
  17  0:55  Drone  
  17  0:58  Drone  
  18  1:08  Extractor  
  17  1:12  Spawning Pool  
  17  1:15  Drone  
  17  1:18  Drone  
  18  1:27  Drone  
  19  1:38  Drone  
  20  1:49  Drone  
  21  2:02  Queen  
  21  2:03  Queen  
  21  2:04  Zergling x2  
  21  2:05  Zergling x2  
  21  2:08  Metabolic Boost  
  27  2:13  Overlord  
  27  2:14  Drone  
  28  2:31  Drone  
  28  2:32  Drone x2  
  31  2:41  Queen  
  31  2:42  Zergling x2  
  34  2:57  Zergling x4  
  34  2:58  Overlord  
  36  2:59  Overlord  
  36  3:05  Overlord  
  36  3:08  Overlord  
  36  3:12  Queen  
  36  3:13  Overlord  
  36  3:18  Drone x2  
  38  3:20  Drone  
  38  3:22  Drone  
  40  3:32  Hatchery  
  40  3:33  Drone x2  
  41  3:39  Queen  
  43  3:42  Drone  
  43  3:44  Drone  
  45  3:52  Zergling x8  
  45  3:54  Drone  
  50  3:59  Drone x2  
  50  4:01  Spore Crawler  
  50  4:02  Drone  
  52  4:06  Drone  
  53  4:16  Drone x2  
  53  4:20  Drone x4, Queen  
  61  4:24  Drone x2  
  61  4:26  Drone  
  61  4:31  Drone  
  63  4:41  Hatchery  
  63  4:42  Drone x2  
  63  4:43  Drone  
  65  4:49  Baneling Nest  
  65  4:51  Drone x3  
  67  4:56  Evolution Chamber  
  67  4:58  Spine Crawler  
  65  5:02  Zergling x4  
  65  5:03  Zergling x6  
  65  5:05  Overlord  
  70  5:08  Drone  
  70  5:09  Drone  
  72  5:16  Drone x2  
  72  5:17  Overlord  
  73  5:23  Overlord  
  73  5:24  Drone x2  
  73  5:25  Drone  
  73  5:27  Drone x4  
  80  5:30  Zerg Melee Weapons Level 1  
  80  5:32  Overlord  
  80  5:35  Baneling  
  80  5:40  Drone  
  80  5:41  Overlord  
  81  5:43  Extractor  
  81  5:44  Extractor  
  81  5:45  Baneling, Drone  
  81  5:46  Drone x4  
  84  5:52  Zergling x12  
  90  5:58  Roach Warren  
  90  6:00  Drone x2  
  92  6:04  Drone x2  
  93  6:12  Spore Crawler  
  93  6:13  Drone x2  
  93  6:14  Extractor, Drone  
  93  6:16  Lair  
  93  6:18  Drone  
  94  6:20  Hatchery  
  94  6:25  Drone x2  
  94  6:32  Drone  
  94  6:33  Extractor, Overlord  
  94  6:34  Baneling x2  
  94  6:35  Baneling  
  94  6:39  Roach x5  
  103  6:40  Zergling x2  
  103  6:41  Zergling x6  
  103  6:42  Drone  
  103  6:45  Drone x3  
  111  6:48  Overlord  
  111  6:50  Baneling  
  111  6:51  Overlord  
  111  6:54  Baneling x2  
  111  6:58  Roach  
  111  7:01  Zergling x18  
  119  7:05  Roach  
  114  7:08  Roach  
  114  7:12  Roach x2  
  116  7:18  Drone x8  
  118  7:23  Drone  
  118  7:24  Zerg Melee Weapons Level 2  
  118  7:29  Zergling x6  
  122  7:31  Drone x2  
  122  7:36  Zergling x2  
  125  7:40  Roach x3  
  125  7:41  Glial Reconstitution  
  131  7:45  Roach x2  
  131  7:47  Drone x2  
  131  7:50  Spore Crawler  
  136  7:53  Zergling x10  
  136  7:56  Zergling x2  
  141  8:01  Overlord, Zergling x2  
  141  8:02  Overlord x3  
  142  8:13  Overlord  
  142  8:16  Overlord x3  
  142  8:21  Hatchery, Zergling x16  
  142  8:25  Zergling x10  
  154  8:30  Zergling x12  
  160  8:35  Roach x3  
  160  8:36  Zergling x2  
  167  8:42  Zergling x6  
  167  8:47  Zergling x4  
  167  8:48  Ravager x2  
  172  8:49  Ravager x2  
  172  8:53  Baneling x15  
  172  8:54  Baneling x4  
  175  8:58  Zergling x14  
  179  9:12  Zergling x30  
  179  9:13  Zergling x2  
  179  9:15  Baneling x2  
  195  9:17  Baneling x2  
  195  9:19  Zergling x4  
  195  9:21  Ravager x3  
  199  9:27  Zergling x2  

Tags
 
Add a new tag
Caveats
  • Supply blocks, unpowered buildings, or Contaminate may cause inaccurate times.
  • Supply counts are checked every 10 seconds.